 Dungeon Crawl Stone Soup version 0.30.1-11-g7821555f0a (webtiles) character file.

Game seed: 12701049529396507658

48 lonewolfV2 the Ducker (level 3, -7/26 HPs)
             Began as an Octopode Fighter on Nov 1, 2023.
             Killed from afar by Sigmund (10 damage)
             ... with a puff of flame
             ... on level 2 of the Dungeon.
             The game lasted 00:01:36 (999 turns).

lonewolfV2 the Ducker (Octopode Fighter)             Turns: 999, Time: 00:01:37

Health: -7/26      AC:  1    Str: 17    XL:     3   Next: 72%
Magic:  3/3        EV: 13    Int: 10    God:
Gold:   136        SH:  4    Dex: 11    Spells: 2/2 levels left

rFire   . . .        a - +0 war axe
rCold   . . .        b - +0 buckler
rNeg    . . .        (helmet restricted)
rPois   .            (no amulet)
rElec   .            (no ring)
rCorr   .            (no ring)
SInv    .            (no ring)
Will    .....        (no ring)
Stlth   ++           (no ring)
HPRegen 0.24/turn    (no ring)
MPRegen 0.08/turn    (no ring)
                     (no ring)

%: no passive effects
@: mighty
A: almost no armour, amphibious, 8 rings, camouflage 1, gelatinous body 1,
(nimble swimmer 1), tentacles
a: no special abilities


You were on level 2 of the Dungeon.
You visited 1 branch of the dungeon, and saw 2 of its levels.

You collected 136 gold pieces.

Inventory:

Hand Weapons
 a - a +0 war axe (weapon)
Armour
 b - a +0 buckler (worn)
Jewellery
 g - a +6 ring of intelligence
Scrolls
 e - a scroll of vulnerability {unknown}
 f - 2 scrolls of identify
 h - a scroll of enchant weapon {unknown}
Potions
 d - 2 potions of lignification


   Skills:
 - Level 3.0 Fighting
 - Level 2.0 Axes
 + Level 3.8 Dodging
 + Level 3.8 Shields


You had 2 spell levels left.
You didn't know any spells.
Your spell library was empty.

Dungeon Overview and Level Annotations

Branches:
Dungeon (2/15)

Altars:

Annotations:
D:2 Sigmund


Innate Abilities, Weirdness & Mutations

You cannot wear most types of armour.
You are amphibious.
You can wear up to eight rings at the same time.
Your skin changes colour to match your surroundings (Stealth+).
Your rubbery body absorbs attacks. (AC +1, EV +1)
((You are camouflaged when in or above water. (Stealth+)))
You have tentacles for arms and can constrict up to eight enemies at once.


Message History

You feel yourself slow down.
h - a scroll labelled QIT TEJIUCYEPI You enter the shallow water.
A dart slug comes into view.
A dart slug is nearby!
A dart slug is nearby!
A dart slug is nearby!
The helpless dart slug fails to defend itself.
You slash the dart slug! You grab the dart slug.
The dart slug is almost dead.
You constrict the dart slug.
You kill the dart slug!
Found 9 stones.
Found a ring mail.
Sigmund the Dreaded comes into view.
He is wielding a +0 scythe.
Sigmund is nearby!
Sigmund is nearby!
Sigmund shouts!
Sigmund gestures at you while chanting. The magic dart hits you.
You see here a +0 ring mail.
Sigmund closely misses you.
You barely miss Sigmund. Your grab misses Sigmund. You squeeze Sigmund!
Sigmund is moderately wounded.
Sigmund barely misses you.
You slash Sigmund! Your grab misses Sigmund.
Sigmund is severely wounded.
Sigmund hits you with a +0 scythe!
You barely miss Sigmund. Your grab misses Sigmund.
You squeeze Sigmund, but do no damage.
Sigmund is severely wounded.
Sigmund hits you with a +0 scythe!
* * * LOW HITPOINT WARNING * * *
You feel very mighty all of a sudden.
You barely miss Sigmund. You grab Sigmund.
Sigmund is severely wounded.
You constrict Sigmund. Sigmund gestures at you while chanting.
The puff of flame hits you!
You die...

. .####
....# ####
###
....####....
..#
..........#.
#.#
<.....##....
#@#
P.P.P...#
#@#
~~......#
##.##
~~.P....#
#.[.#
≈~~.P.~.#
#...#
≈~~~.~~.###
#...#
~≈~~~≈....#
#.###
~≈≈~~.....#
#.#
≈≈~~~PP...#
###.######
≈~≈~~.....#
#........#


You could see Sigmund.

Vanquished Creatures
  2 adders (D:2)
  2 worms (D:2)
  A dart slug (D:2)
  4 endoplasms
  A giant cockroach (D:1)
  A goblin (D:1)
  2 hobgoblins (D:1)
  2 ball pythons
  3 bats
  A frilled lizard (D:1)
  A kobold (D:1)
  6 rats
26 creatures vanquished.

Notes
Turn   | Place    | Note
-------+----------+-------------------------------------------
     0 | D:1      | lonewolfV2 the Octopode Fighter began the quest for the
                  | Orb.
     0 | D:1      | Reached XP level 1. HP: 16/16 MP: 1/1
   185 | D:1      | Reached XP level 2. HP: 21/21 MP: 2/2
   743 | D:2      | Reached XP level 3. HP: 20/26 MP: 3/3
   990 | D:2      | Noticed Sigmund
   999 | D:2      | Killed from afar by Sigmund

Illustrated notes

Levels and vault maps discovered:
D:1:      scummos_arrival_simple_crosswalls, layout_loops_ring, minmay_ruptured
D:2:      layout_loops_cross, guppyfry_early_lair_pool, uniq_sigmund

Action                     || total
---------------------------++-------
  Melee: War axe           ||    52
         Constrict         ||    11
         Tentacles         ||    13
         Punch             ||     2
    Use: Scroll            ||     2
         Potion            ||     3
   Stab: Sleeping          ||     5
 Armour: Skin              ||     6
  Dodge: Dodged            ||    34
  Block: Buckler           ||     9
